 Dungeon Crawl Stone Soup version 0.17.0-27-g4a3f43e (webtiles) character file.

2962 dvd the Shield-Bearer (level 9, -6/81 HPs)
             Began as a Deep Dwarf Fighter on Nov 21, 2015.
             Mangled by a wyvern (13 damage)
             ... on level 8 of the Dungeon.
             The game lasted 00:25:18 (6938 turns).

dvd the Shield-Bearer (Deep Dwarf Fighter)          Turns: 6938, Time: 00:25:18

Health: -6/81      AC:  3    Str: 22    XL:     9   Next: 52%
Magic:  11/11      EV:  9    Int:  9    God:
Gold:   327        SH: 11    Dex: 13    Spells: 0 memorised, 8 levels left

rFire  . . .     SeeInvis +     a - +1 war axe
rCold  . . .     Clarity  +     m - +0 chain mail
rNeg   . . .     SustAt   .     c - +0 shield
rPois  .         Gourm    .     (no helmet)
rElec  .         Spirit   .     y - +0 cloak
rCorr  .         Warding  .     (no gloves)
rMut   .         Stasis   .     (no boots)
MR     +....                    d - amulet of clarity
Stlth  ..........               (no ring)
                                C - ring of see invisible

@: corroded equipment, non-regenerating, somewhat resistant to hostile
enchantments, extremely unstealthy
A: damage resistance, recharge devices, sense surroundings 2, slow regeneration
3
a: Device Recharging


You were on level 8 of the Dungeon.
You were near starving.

You visited 2 branches of the dungeon, and saw 9 of its levels.

You collected 327 gold pieces.

Inventory:

Hand Weapons
 a - a +1 war axe (weapon)
 t - a +0 hand axe of chopping
 u - a +0 flail of holy wrath
 v - a +2 short sword of electrocution
Armour
 b - a +0 scale mail
 c - a +0 shield (worn)
 m - a +0 chain mail (worn)
 n - a +0 ring mail
 y - a +0 cloak (worn)
Jewellery
 d - an amulet of clarity (around neck)
 i - an uncursed amulet of the gourmand
 x - an uncursed ring of fire
 C - a ring of see invisible (left hand)
Wands
 e - a wand of heal wounds (1)
 j - a wand of digging (6)
Scrolls
 k - 2 scrolls of teleportation
 p - 12 scrolls of identify
 r - 2 scrolls of fog
 w - a scroll of remove curse
 z - a scroll of fear
Potions
 q - a potion of curing
 A - a potion of brilliance {unknown}
 B - a potion of might
Books
 s - a book of Alchemy

   Spells                             Type                      Level
   a - Sublimation of Blood           Necromancy                   2
   b - Ignite Poison                  Fire/Transmutation/Poison    3
   c - Alistair's Intoxication        Transmutation/Poison         4
   d - Condensation Shield            Ice                          4
   e - Petrify                        Transmutation/Earth          4
   f - Irradiate                      Conjuration/Transmutation    5
Comestibles
 f - 5 bread rations
 g - 6 fruits
 h - 2 royal jellies
 l - 3 slices of pizza
 o - a meat ration


   Skills:
 + Level 5.3 Fighting
 + Level 6.8 Axes
 + Level 6.6 Armour
 + Level 5.2 Dodging
 + Level 1.8 Stealth
 + Level 7.8 Shields
 + Level 5.4 Evocations


You had 8 spell levels left.
You didn't know any spells.

Dungeon Overview and Level Annotations

Branches:
Dungeon (8/15)             Temple (1/1) D:6
   Lair: D:8-11

Altars:
Cheibriados
Elyvilon
Fedhas
Kikubaaqudgha
Nemelex Xobeh
Okawaru
Qazlal
Ru
Sif Muna
Trog
Vehumet
Xom
Yredelemnul
Zin
The Shining One

Shops:
D:5 (

Annotations:
D:6 Amon001's ghost, novice FoFi


Innate Abilities, Weirdness & Mutations

You are resistant to damage.
You can recharge devices by infusing magical energy.
You passively map the area around you.
You do not regenerate naturally.


Message History

You slash the jelly! The acid corrodes you!
Your hands burn!
The jelly is severely wounded.
You block the jelly's attack. The wyvern bites you.
You hit the jelly. The acid corrodes you!
Your hands burn!
The jelly is almost dead.
You hit the wyvern but do no damage. The jelly hits you but does no damage.
The wyvern bites you!
* * * LOW HITPOINT WARNING * * *
The jelly completely misses you. The wyvern bites you!
* * * LOW HITPOINT WARNING * * *
You hit the jelly.
You kill the jelly!
You closely miss the wyvern. You block the wyvern's attack.
You block the wyvern's attack.
Unknown command.
The wyvern barely misses you. You block the wyvern's attack.
The wyvern completely misses you. The wyvern bites you!
You die...

, , ,, , , , ...#
,, * ,, ..##### *
*** * , , ...... ,
,, , , ..... , ,, ,
* #... , * , * #..
* #.# * *
#@################
*
#.l...............
*############.#####
* * , ,, #..# , , ,
....# ,* , *
......#* , * * *
.......+ * * ,
........# , ,,
l..###....


You could see a wyvern.

Vanquished Creatures
  Pikel (D:8)
  Sigmund (D:2)
  A hungry ghost (D:8)
  An orc warrior (D:8)
  2 ice beasts
  3 centaurs
  A phantom (D:7)
  5 ogres
  A big kobold (D:7)
  A wyvern zombie (D:6)
  2 scorpions
  A water moccasin skeleton (D:7)
  A hound (D:5)
  3 crimson imps
  A quasit (D:5)
  2 orc priests
  2 iguanas (D:5)
  A jelly (D:8)
  5 worker ants
  Jessica (D:2)
  Terence (D:3)
  3 orc wizards
  A centaur skeleton (D:4)
  A hound zombie (D:7)
  A hound skeleton (D:5)
  A worker ant zombie (D:5)
  11 adders
  A shadow imp (D:7)
  An ooze (D:1)
  3 worms
  2 adder skeletons (D:4)
  An adder zombie (D:5)
  5 giant geckos
  18 orcs
  7 goblins
  7 hobgoblins
  6 quokkas
  2 ball pythons
  3 bats
  6 giant cockroaches
  4 giant newts
  12 jackals
  11 kobolds
  8 rats
152 creatures vanquished.

Vanquished Creatures (others)
  A slave (D:8)
  A giant gecko (D:2)
2 creatures vanquished.

Grand Total: 154 creatures vanquished

Notes
Turn   | Place    | Note
--------------------------------------------------------------
     0 | D:1      | dvd the Deep Dwarf Fighter began the quest for the Orb.
     0 | D:1      | Reached XP level 1. HP: 20/20 MP: 1/1
   102 | D:1      | Reached XP level 2. HP: 27/27 MP: 2/2
   645 | D:1      | Reached XP level 3. HP: 24/34 MP: 3/3
   805 | D:2      | Reached skill level 4 in Shields
   836 | D:2      | Found a stormy altar of Qazlal.
  1429 | D:2      | Noticed Jessica
  1431 | D:2      | Killed Jessica
  1431 | D:2      | Reached skill level 1 in Dodging
  1431 | D:2      | Reached XP level 4. HP: 25/42 MP: 4/4
  1584 | D:2      | Noticed Sigmund
  1591 | D:2      | Reached skill level 1 in Evocations
  1607 | D:2      | HP: 2/42 [something (5)]
  1621 | D:2      | Killed Sigmund
  1621 | D:2      | Reached XP level 5. HP: 18/49 MP: 4/6
  1666 | D:2      | Found a white marble altar of Elyvilon.
  1863 | D:3      | Reached XP level 6. HP: 53/56 MP: 7/7
  2115 | D:3      | Noticed Terence
  2137 | D:3      | Killed Terence
  3029 | D:3      | Reached skill level 5 in Shields
  3151 | D:4      | Reached XP level 7. HP: 26/63 MP: 9/9
  3505 | D:4      | Reached skill level 5 in Armour
  3505 | D:4      | Reached skill level 1 in Stealth
  3857 | D:5      | Entered Level 5 of the Dungeon
  4047 | D:5      | Found Rureff's Antique Weapon Emporium.
  4104 | D:5      | Reached XP level 8. HP: 28/72 MP: 11/11
  4991 | D:6      | Reached skill level 6 in Shields
  4991 | D:6      | Reached skill level 5 in Evocations
  5058 | D:6      | Found a shimmering altar of Xom.
  5144 | D:6      | Found a shimmering altar of Xom.
  5175 | D:6      | Noticed Amon001's ghost (novice FoFi)
  5201 | D:6      | Found a staircase to the Ecumenical Temple.
  5261 | Temple   | Entered the Ecumenical Temple
  5657 | D:7      | Reached skill level 5 in Axes
  6269 | D:6      | Gained mutation: You passively map the area around you. [Deep Dwarf growth]
  6269 | D:6      | Reached XP level 9. HP: 18/79 MP: 10/10
  6361 | D:7      | Reached skill level 5 in Dodging
  6361 | D:7      | Reached skill level 7 in Shields
  6686 | D:8      | Noticed Pikel
  6709 | D:8      | Killed Pikel
  6709 | D:8      | Reached skill level 5 in Fighting
  6938 | D:8      | Mangled by a wyvern

Action                   |  1- 3 |  4- 6 |  7- 9 || total
-------------------------+-------+-------+-------++-------
Melee: War axe           |    99 |   153 |   337 ||   589
 Abil: Device Recharging |       |       |     2 ||     2
Evoke: Wand              |       |     3 |     7 ||    10
  Use: Scroll            |     3 |     2 |     6 ||    11
       Potion            |       |     7 |     4 ||    11
  Eat: Chunk             |    10 |    12 |     4 ||    26
       Meat ration       |       |       |     3 ||     3
